 Dungeon Crawl Stone Soup version 0.25-a0-287-g56a5b49 (webtiles) character file.

Game seed: 2751105173017522048, levelgen mode: deterministic

12 FruityBerryJuice the Skirmisher (level 2, 0/26 HPs)
             Began as a Draconian Berserker on Dec 11, 2019.
             Was a Follower of Trog.
             Succumbed to an adder's poison
             ... on level 1 of the Dungeon.
             The game lasted 00:01:26 (66 turns).

FruityBerryJuice the Skirmisher (Draconian Berserker) Turns: 66, Time: 00:01:27

Health: 0/26       AC:  4    Str: 19    XL:     2   Next: 20%
Magic:  2/2        EV: 12    Int:  7    God:    Trog [*.....]
Gold:   37         SH:  0    Dex: 10    Spells: 1/1 levels left

rFire    . . .     SeeInvis .   a - +0 mace
rCold    . . .     Gourm    .   (no shield)
rNeg     . . .     Faith    .   (armour unavailable)
rPois    .         Spirit   .   (helmet restricted)
rElec    .         Reflect  .   (no cloak)
rCorr    .         Harm     .   (no gloves)
MR       .....                  (no boots)
Stlth    +.........             (no amulet)
HPRegen  0.08/turn              (no ring)
MPRegen  0.08/turn              (no ring)

@: lethally poisoned (0 -> -6)
A: unfitting armour, cold-blooded, AC +4
a: Berserk, Renounce Religion


You were on level 1 of the Dungeon.
You worshipped Trog.
Trog was aware of your devotion.
You were not hungry.

You visited 1 branch of the dungeon, and saw 2 of its levels.

You collected 37 gold pieces.

Inventory:

Hand Weapons
 a - a +0 mace (weapon)
Comestibles
 b - a ration


   Skills:
 + Level 3.5 Fighting
 + Level 3.2 Maces & Flails
 + Level 2.9 Dodging


You had one spell level left.
You didn't know any spells.
Your spell library was empty.

Dungeon Overview and Level Annotations

Branches:
Dungeon (2/15)

Altars:


Innate Abilities, Weirdness & Mutations

Your plain brown scales are hard. (AC +4)
You cannot fit into any form of body armour.
You are cold-blooded and may be slowed by cold attacks.


Message History

* * * LOW HITPOINT WARNING * * *
You feel sick.
Found 17 gold pieces, a scroll labeled DAEVVOUCOO and a leather armour.
There is a lethal amount of poison in your body!
There is a lethal amount of poison in your body!
There is a lethal amount of poison in your body!
There is a lethal amount of poison in your body!
There is a lethal amount of poison in your body!
There is a lethal amount of poison in your body!
* * * LOW HITPOINT WARNING * * *
You feel sick.
The goblin shouts!
You hear a shout!
* * * LOW HITPOINT WARNING * * *
You feel sick.
There is a lethal amount of poison in your body!
* * * LOW HITPOINT WARNING * * *
You feel sick.
You see here 17 gold pieces.
You now have 37 gold pieces (gained 17).
You die...

.... #... . ##... .....
#....#######..... .
#...........#$....
....##..#.#....#.#.... #
#....g..#..##.##..# ..
#..#.....#..#...#..# . ..
.... #..#.@#..#...#..# .#..
.#.#.?...###.........###...
#...###......#.<.#........
#..# ##.....#...#......>#
... ##......###)........ .#
#........#..........
#...............#..#
......##..(..##..#.##
##.#.# #.....###.....


You could see a goblin.

Vanquished Creatures
  An adder (D:2)
  A hobgoblin (D:2)
  A kobold (D:2)
  A rat (D:1)
4 creatures vanquished.

Notes
Turn   | Place    | Note
-------+----------+-------------------------------------------
     0 | D:1      | FruityBerryJuice the Draconian Berserker began the quest
                  | for the Orb.
     0 | D:1      | Reached XP level 1. HP: 19/19 MP: 1/1
    56 | D:2      | Reached XP level 2. HP: 7/26 MP: 2/2
    64 | D:1      | HP: 1/26 [poisoned by an adder]
    66 | D:1      | Succumbed to an adder's poison

Levels and vault maps discovered:
D:1:      erik_arrival_blinker_ship, layout_rooms
D:2:      minmay_evil_eye, layout_rooms, serial_bayou, serial_bayou_crossing,
          serial_bayou_lagoon_a, serial_bayou_lake_a, serial_bayou_pond_b,
          serial_bayou_pond_e, serial_bayou_pond_d, uniq_terence

Action                   || total
-------------------------++-------
Melee: Mace              ||    10
       Tailslap          ||     1
Armor: Skin              ||     5
Dodge: Dodged            ||    10

Table legend:
 A = Non-vault XP
 B = Vault XP
 C = Vault XP percentage of total XP
 D = Non-vault monster count
 E = Vault monster count
 F = Vault count percentage of total count
                 A         B        C        D         E       F
            +---------+---------+-------+---------+---------+-------
      Total |      18 |       0 |   0.0 |       4 |       0 |   0.0
            +---------+---------+-------+---------+---------+-------
        D:1 |       1 |       0 |   0.0 |       1 |       0 |   0.0
        D:2 |      17 |       0 |   0.0 |       3 |       0 |   0.0
            +---------+---------+-------+---------+---------+-------
